 Dungeon Crawl Stone Soup version 0.14-a0-1474-g1105da3 (webtiles) character file.

221 PolkaDot the Vexing (level 4, -3/30 HPs)
             Began as a Vampire Enchanter on Dec 14, 2013.
             Slain by an orc priest
             ... wielding a -1,+0 orcish trident
              (6 damage)
             ... while paralysed by a potion of paralysis
             ... on Level 3 of the Dungeon.
             The game lasted 00:18:18 (4320 turns).

PolkaDot the Vexing (Vampire Enchanter)             Turns: 4320, Time: 00:18:19

HP  -3/30        AC  5     Str  9      XL: 4   Next: 39%
MP   1/7         EV  2     Int 17      God:
Gold 126         SH  0     Dex 20      Spells:  3 memorised,  1 level left

rFire  + . .     SeeInvis +     a - +1 dagger
rCold  + + +     Clarity  .     n - +2 robe {rC+ rF+}
rNeg   + + +     Conserve .     (no shield)
rPois  +         rCorr    .     (no helmet)
rElec  .         rRot     +     (no cloak)
SustAb . .       Spirit   .     f - +0 pair of gloves
rMut   .         Warding  .     (no boots)
Saprov . . .     Stasis   .     (no amulet)
                                (no ring)
                                k - +2 ring of strength

@: paralysed, non-regenerating, agile, bonded with blade, slightly resistant to
hostile enchantments, very stealthy
A: fangs 3, see invisible, unbreathing
a: Bat Form


You were on level 3 of the Dungeon.
You were bloodless.

You visited 1 branch of the dungeon, and saw 3 of its levels.

You collected 126 gold pieces.

Inventory:

Hand weapons
 a - a +1,+1 dagger (weapon)
Missiles
 d - 4 darts (quivered)
Armour
 f - a +0 pair of gloves (worn)
 n - a +2 robe of resistance (worn)
Scrolls
 b - a scroll of random uselessness {unknown}
 e - a scroll of curse armour {unknown}
 h - a scroll of immolation {unknown}
 i - a scroll of recharging {unknown}
 j - 2 scrolls of blinking {unknown}
 m - a scroll of identify {unknown}
 p - a scroll of teleportation {unknown}
 q - a scroll of noise {unknown}
 s - a scroll of remove curse {unknown}
Jewellery
 k - a +2 ring of strength (left hand)
 o - an uncursed ring of magical power {unknown}
Potions
 g - a potion of agility
 r - a potion of curing {unknown}
 t - a potion of resistance {unknown}
Books
 c - a book of Maledictions

   Spells                             Type                      Level
   *Corona                            Hexes                        1
   *Sure Blade                        Hexes/Charms                 2
   Ensorcelled Hibernation            Hexes/Ice                    2
   *Confuse                           Hexes                        3
   Enslavement                        Hexes                        4
   Invisibility                       Hexes                        6


   Skills:
 + Level 4.0 Short Blades
 - Level 0.7 Throwing
 - Level 2.1 Dodging
 * Level 3.4 Stealth
 - Level 2.0 Spellcasting
 * Level 5.3 Hexes


You had one spell level left.
You knew the following spells:

 Your Spells              Type           Power        Failure   Level  Hunger
a - Corona                Hex            ###....      2%          1    #......
b - Sure Blade            Hex/Chrm       ##........   12%         2    ###....
c - Confuse               Hex            ###.....     10%         3    ####...


Dungeon Overview and Level Annotations

Branches:
Dungeon (3/16)

Altars:
Cheibriados


Innate Abilities, Weirdness & Mutations

You do not heal naturally.
You have razor-sharp teeth.*
You have supernaturally acute eyesight.
You can survive without breathing.*


Message History

The orc is severely wounded.
The orc misses you.
You hit the orc.
You kill the orc!
The orc priest barely misses you.
Casting: Sure Blade
Confirm with . or Enter, or press ? or * to list all spells.
Aiming: Confuse
Press: ? - help, Shift-Dir - straight line, f - orc priest
Aim: an orc priest, wielding an orcish trident The orc priest struggles to resist.
* * * LOW MAGIC WARNING * * *
The orc priest invokes the aid of Beogh against you.
Something smites you!
* * * LOW HITPOINT WARNING * * *
Drink which item? (? for menu, Esc to quit)
You suddenly lose the ability to move!
It was a potion of paralysis.
The orc priest hits you but does no damage.
The orc priest hits you from afar with an orcish trident.
You die...

..>...............o.#.#
....#####.#..#........#
.............#.###.####
.....####.#.##.# #.#
####....#.#....# #o#
####.#.# #..# #.#
#######.#.# #..# #.#
#.......#.# #..###o#
....#####.###...@[.#
#.#.# #.....######
#.#.# ####### #.#.#
..#.# ###.# ....# #####


You could see an orc priest.

Vanquished Creatures
  2 adders (D:2)
  A giant mite (D:2)
  A worm (D:2)
  2 orcs (D:3)
  9 bats
  A bat skeleton (D:3)
  2 giant cockroaches
  10 goblins
  4 hobgoblins
  4 jackals (D:2)
  2 giant geckos (D:1)
  4 giant newts
  9 kobolds
  8 rats
59 creatures vanquished.

Notes
Turn   | Place    | Note
--------------------------------------------------------------
     0 | D:1      | PolkaDot, the Vampire Enchanter, began the quest for the Orb.
     0 | D:1      | Reached XP level 1. HP: 13/13 MP: 3/3
   278 | D:1      | Reached XP level 2. HP: 19/19 MP: 2/4
  1011 | D:1      | Found a snail-covered altar of Cheibriados.
  1445 | D:2      | Reached XP level 3. HP: 24/24 MP: 6/6
  1974 | D:2      | Learned a level 2 spell: Sure Blade
  2595 | D:2      | Reached XP level 4. HP: 27/30 MP: 0/7
  2675 | D:2      | Learned a level 3 spell: Confuse
  2937 | D:2      | Reached skill level 5 in Hexes
  4318 | D:3      | Paralysed by a potion of paralysis for 3 turns
  4320 | D:3      | Slain by an orc priest

Action                   |  1- 3 |  4- 6 || total
-------------------------+-------+-------++-------
Melee: Dagger            |   137 |    45 ||   182
Throw: Dart              |    45 |     1 ||    46
 Cast: Corona            |    36 |    10 ||    46
       Sure Blade        |     8 |    14 ||    22
       Confuse           |       |     1 ||     1
  Use: Potion            |     1 |     2 ||     3
 Stab: Sleeping          |     5 |     3 ||     8
